 Dungeon Sprint DCSS version 0.16-a0-3661-g910cf96 (webtiles) character file.

0 BluebellGnoll the Magician (level 2, 11/15 HPs)
             Began as a Deep Elf Wizard on Jan 16, 2015.
             Was a Follower of Vehumet.
             Quit the game in the Dungeon (Sprint VI: "Thunderdome").
             The game lasted 00:02:58 (113 turns).

BluebellGnoll the Magician (Deep Elf Wizard)         Turns: 113, Time: 00:02:58

Health: 11/15      AC:  2    Str:  4    XL:     2   Next: 34%
Magic:  7/14       EV: 21    Int: 25    God:    Vehumet [*.....]
Gold:   20         SH:  0    Dex: 16    Spells: 2 memorised, 13 levels left

rFire  . . .     SeeInvis .     i - +0 mace
rCold  + . .     Clarity  .     a - +0 robe
rNeg   . . .     SustAb   .     (no shield)
rPois  .         Gourm    .     b - +0 hat
rElec  .         Spirit   .     (no cloak)
rCorr  .         Warding  .     (no gloves)
rMut   .         NoTele   +     (no boots)
MR     .....                    (no amulet)
Stlth  ..........               s - ring "Xuvakly" {EV+5 Dex+3}
                                q - ring "Gryl" {rC+ EV+3 Int+3 Stlth-}

@: confused, exhausted, slowed, very slow, not resistant to hostile
enchantments, extremely unstealthy
A: no striking features
a: Renounce Religion


You were in the Dungeon.
You worshipped Vehumet.
Vehumet was aware of your devotion.
You were not hungry.

You visited 1 branch You collected 200 gold pieces.
You spent 180 gold pieces at shops.

Inventory:

Hand weapons
 i - a +0 mace (weapon)
Missiles
 o - 2 stones (quivered)
Armour
 a - a +0 robe (worn)
 b - a +0 hat (worn)
Jewellery
 p - the amulet of Mialau Qipi {rCorr rN+ Str-2}
   (You bought it in a shop in the Dungeon)

   [amulet of resist corrosion]

   It protects you from acid and corrosion.
   It affects your strength (-2).
   It protects you from negative energy.
 q - the ring "Gryl" (left hand) {rC+ EV+3 Int+3 Stlth-}
   (You bought it in a shop in the Dungeon)

   [ring of evasion]

   It affects your evasion (+3).
   It affects your intelligence (+3).
   It protects you from cold.
   It makes you less stealthy.
 r - the ring of Degarepo {rElec rN- MR+ Str-3 Int-2 Dex+3 SInv Stlth-}
   (You bought it in a shop in the Dungeon)

   [ring of loudness]

   It affects your strength (-3).
   It affects your intelligence (-2).
   It affects your dexterity (+3).
   It insulates you from electricity.
   It makes you vulnerable to negative energy.
   It affects your resistance to hostile enchantments.
   It enhances your eyesight.
   It makes you less stealthy.
 s - the ring "Xuvakly" (right hand) {EV+5 Dex+3}
   (You bought it in a shop in the Dungeon)

   [ring of evasion]

   It affects your evasion (+5).
   It affects your dexterity (+3).
Magical devices
 k - a wand of cold (5)
 l - a wand of fire (5)
Scrolls
 j - 4 scrolls of blinking
 m - 3 scrolls of fog
Potions
 e - a potion of curing
 f - 4 potions of heal wounds
 g - 4 potions of haste
 h - 2 potions of magic
 n - a potion of resistance
Books
 c - a book of Minor Magic

   Spells                             Type                      Level
   a - Magic Dart                     Conjuration                  1
   b - Blink                          Translocation                2
   c - Call Imp                       Summoning                    2
   d - Repel Missiles                 Charms/Air                   2
   e - Slow                           Hexes                        2
   f - Conjure Flame                  Conjuration/Fire             3
   g - Mephitic Cloud                 Conjuration/Poison/Air       3
Comestibles
 d - a bread ration
 t - 3 chunks of flesh


   Skills:
 - Level 2.5 Dodging
 - Level 2.7 Stealth
 + Level 7.6 Spellcasting
 - Level 1.1 Conjurations
   Level 1.1 Summonings
 - Level 1.1 Translocations


You had 13 spell levels left.
You knew the following spells:

 Your Spells              Type           Power        Failure   Level  Hunger
a - Magic Dart            Conj           ###.         4%          1    None
b - Blink                 Tloc           N/A          8%          2    None


Dungeon Overview and Level Annotations

Branches:
Dungeon (1/1)

Altars:
Cheibriados
Dithmenos
Elyvilon
Fedhas
Gozag
Kikubaaqudgha
Makhleb
Nemelex Xobeh
Okawaru
Qazlal
Ru
Sif Muna
Trog
Vehumet
Xom
Yredelemnul
Zin
The Shining One
Jiyva
Lugonu

Shops:
D *[%??*?*:[((!!!!


Message History

The orc wizard points at you and mumbles some strange words.
You are confused.
You're too confused to cast spells.
You're too confused!
Throwing (i - inventory):
o - 2 stones (quivered)
Press: ? - help, Shift-Dir - straight line, f/p - orc wizard
Aim: an orc wizard, wielding a dagger and wearing a robe (severely wounded)
Okay, then.
Unknown command.
You barely miss the orc wizard.
The orc wizard is severely wounded.
The orc wizard points at you and mumbles some strange words.
You are more confused.
The orc wizard hits you but does no damage.
You barely miss the orc wizard.
The orc wizard is severely wounded.
The orc wizard hits you but does no damage. x2
The orc wizard hits you with a dagger.
Unknown command.
Are you sure you want to abandon this character and quit the game? (Confirm with "yes".)

#∩.......∩#
#_..†...._#
#_......._#
#........_#
###.........#
#§...........
######.8.........8
##∩___......###....
###∩@o......8.# #.8..
#....[........###....
#⌠..........###...###.
#⌠..........# #.<.# #.
#⌠..........###...###.
##.............###....
###∩........8.# #.8..
##∩__.......###....
######.8.........8


You could see an orc wizard.

Vanquished Creatures
  Terence (D)
  A kobold (D)
  2 bats (D)
4 creatures vanquished.

Notes
Turn   | Place    | Note
--------------------------------------------------------------
     0 | D        | BluebellGnoll, the Deep Elf Wizard, began the quest for the Orb.
     0 | D        | Reached XP level 1. HP: 10/10 MP: 6/6
     1 | D        | Found a viscous altar of Jiyva.
     2 | D        | Found a snail-covered altar of Cheibriados.
     2 | D        | Found a white marble altar of Elyvilon.
     3 | D        | Found a burning altar of Makhleb.
     3 | D        | Found a basalt altar of Yredelemnul.
     5 | D        | Round 1.
     7 | D        | Found a stormy altar of Qazlal.
     8 | D        | Found a sacrificial altar of Ru.
     8 | D        | Found a shimmering altar of Xom.
     9 | D        | Found an opulent altar of Gozag.
     9 | D        | Found a glowing silver altar of Zin.
    10 | D        | Found Xaix's Advanced Armour.
    10 | D        | Found Izaoqeca's Identification Station.
    11 | D        | Found Straipidu's Premium Goods.
    12 | D        | Found a corrupted altar of Lugonu.
    12 | D        | Found Cawumad's Miscellaneous Merchandise.
    13 | D        | Found an ancient bone altar of Kikubaaqudgha.
    14 | D        | Found a bloodstained altar of Trog.
    14 | D        | Found Shaelukh's Weapon Rack.
    14 | D        | Found Ponob's Basic Armour.
    15 | D        | Found a blossoming altar of Fedhas.
    16 | D        | Found a deep blue altar of Sif Muna.
    18 | D        | Found Suicwumore's Do-It-Yourself Clinic.
    19 | D        | Found Pilairi's Bottled Wisdom.
    20 | D        | Found a glowing golden altar of the Shining One.
    20 | D        | Found a shadowy altar of Dithmenos.
    21 | D        | Found Lothryemn's Distillery.
    21 | D        | Found Pliux's Distillery.
    22 | D        | Found a sparkling altar of Nemelex Xobeh.
    23 | D        | Found an iron altar of Okawaru.
    24 | D        | Found a radiant altar of Vehumet.
    25 | D        | Found Riun's Staff Store.
    26 | D        | Found Weblanea's Must-Have Magic.
    29 | D        | Found Zobiot's Magic Scroll Shop.
    29 | D        | Found Gaklih's Magic Scroll Shop.
    33 | D        | Became a worshipper of Vehumet
    36 | D        | Reached skill level 5 in Spellcasting
    47 | D        | Found Shrihothre's Bee Food.
    48 | D        | Found Plog's Jewellery.
    54 | D        | Acquired Vehumet's first power
    54 | D        | Offered knowledge of Flame Tongue by Vehumet.
    59 | D        | Bought a fine crystal amulet for 45 gold pieces
    59 | D        | Bought a bound granite ring for 45 gold pieces
    59 | D        | Bought a fine golden ring for 45 gold pieces
    59 | D        | Bought a warped glass ring for 45 gold pieces
    59 | D        | Identified the amulet of Mialau Qipi {rCorr rN+ Str-2} (You bought it in a shop in the Dungeon)
    60 | D        | Identified the ring "Gryl" {rC+ EV+3 Int+3 Stlth-} (You bought it in a shop in the Dungeon)
    61 | D        | Lost strength.
    61 | D        | Identified the ring of Degarepo {rElec rN- MR+ Str-3 Int-2 Dex+3 SInv Stlth-} (You bought it in a shop in the Dungeon)
    65 | D        | Identified the ring "Xuvakly" {EV+5 Dex+3} (You bought it in a shop in the Dungeon)
    76 | D        | Noticed Terence
    86 | D        | Killed Terence
    86 | D        | Reached skill level 7 in Spellcasting
    86 | D        | Reached XP level 2. HP: 15/15 MP: 8/14
    94 | D        | Learned a level 2 spell: Blink
   113 | D        | Quit the game

Action                   || total
-------------------------++-------
Melee: Unarmed           ||     9
       Mace              ||     2
 Cast: Magic Dart        ||    13
  Use: Potion            ||     1
